 Dungeon Crawl Stone Soup version 0.21-a0-257-gbb444f2 (webtiles) character file.

7 Atlas the Digger (level 2, -3/17 HPs)
             Began as an Octopode Earth Elementalist on Sept 6, 2017.
             Slain by a kobold
             ... wielding a +0 club
              (6 damage)
             ... on level 1 of the Dungeon.
             The game lasted 00:00:24 (111 turns).

Atlas the Digger (Octopode Earth Elementalist)       Turns: 111, Time: 00:00:25

Health: -3/17      AC:  1    Str:  7    XL:     2   Next: 4%
Magic:  2/5        EV: 13    Int: 17    God:
Gold:   18         SH:  0    Dex: 12    Spells: 4/5 levels left

rFire    . . .     SeeInvis .   (no weapon)
rCold    . . .     Gourm    .   (no shield)
rNeg     . . .     Faith    .   (helmet restricted)
rPois    .         Spirit   .   (no amulet)
rElec    .         Reflect  .   (no ring)
rCorr    .         Harm     .   (no ring)
MR       .....                  (no ring)
Stlth    +++.......             (no ring)
HPRegen  0.05/turn              (no ring)
MPRegen  0.09/turn              (no ring)
                                (no ring)
                                (no ring)

@: no status effects
A: almost no armour, stealthy swim, amphibious, 8 rings, constrict 8, camouflage
1, gelatinous body 1
a: no special abilities


You were on level 1 of the Dungeon.
You were not hungry.

You visited 1 branch of the dungeon, and saw 1 of its levels.

You collected 18 gold pieces.

Inventory:

Missiles
 b - 46 stones (quivered)
Books
 d - a book of Geomancy

   Spells                             Type                      Level
   a - Sandblast                      Earth                        1
   b - Passwall                       Transmutation/Earth          2
   c - Stone Arrow                    Conjuration/Earth            3
   d - Petrify                        Transmutation/Earth          4
   e - Lee's Rapid Deconstruction     Earth                        5
Comestibles
 a - a meat ration
 c - a bread ration
 f - 2 chunks of flesh


   Skills:
 + Level 2.0 Dodging
 + Level 2.8 Stealth
 + Level 2.1 Spellcasting
   Level 1.0 Transmutations
 + Level 3.3 Earth Magic


You had 4 spell levels left.
You knew the following spells:

 Your Spells              Type           Power        Failure   Level  Hunger
a - Sandblast             Erth           ##....       4%          1    #......


Dungeon Overview and Level Annotations

Branches:
Dungeon (1/15)

Altars:


Innate Abilities, Weirdness & Mutations

You cannot wear most types of armour.
You are very stealthy in the water. (Stealth+)
You are amphibious.
You can wear up to eight rings at the same time.
You can use your tentacles to constrict eight enemies at once.
Your skin changes colour to match your surroundings (Stealth+).
Your rubbery body absorbs attacks. (AC +1, EV +1)


Message History

You kill the goblin!
You have reached level 2!
b - 46 stones A kobold comes into view.
The kobold shouts!
The gnoll barely misses you.
The kobold throws a stone.
The stone hits you but does no damage.
You see here a stone.
You closely miss the kobold. Your grab misses the kobold.
The kobold closely misses you.
The kobold throws a stone.
The stone closely misses you.
The stone hits the kobold.
The gnoll barely misses you.
No previous command to re-do.
The kobold closely misses you. The kobold hits you but does no damage.
The gnoll barely misses you.
A goblin comes into view.
The goblin closely misses you. The kobold hits you with a club.
You die...

. #.............#
...##.............##
......................
#####.#............####
#..##..#wg........w#
#.#.####K..#.........
#.#...##............##
#.#.<..#Kg........#.#
#.#...#'@.........#..
#.8####'..........# #.#
#.#........#.. ##
..##.......##
#####......##
#..........#
##..).....## #.....[..#
#..........#


You could see a gnoll, a dart slug, a goblin and 2 kobolds.

Vanquished Creatures
  A dart slug (D:1)
  2 goblins (D:1)
  A hobgoblin (D:1)
  A bat (D:1)
5 creatures vanquished.

Notes
Turn   | Place    | Note
-------+----------+-------------------------------------------
     0 | D:1      | Atlas the Octopode Earth Elementalist began the quest for the Orb.
     0 | D:1      | Reached XP level 1. HP: 11/11 MP: 3/3
    91 | D:1      | Reached XP level 2. HP: 2/17 MP: 0/5
   111 | D:1      | Slain by a kobold

Vault maps used:
D:1:      saegor_arrival_simple_e

Action                   || total
-------------------------++-------
Melee: Unarmed           ||     1
 Cast: Sandblast         ||     7
Armor: Skin              ||     2
Dodge: Dodged            ||    12

Table legend:
 A = Spawn XP
 B = Non-spawn XP
 C = Spawn XP percentage of total XP
 D = Spawn monster count
 E = Non-spawn monster count
 F = Spawn count percentage of total count
 G = Total turns spent on level
                    A         B        C        D         E        F      G
               +---------+---------+-------+---------+---------+-------+---------
         Total |       0 |      11 |   0.0 |       0 |       5 |   0.0 |   111
               +---------+---------+-------+---------+---------+-------+---------
           D:1 |       0 |      11 |   0.0 |       0 |       5 |   0.0 |   111
               +---------+---------+-------+---------+---------+-------+---------
